 Dungeon Crawl Stone Soup version 0.27.1-33-g824d729ab1 (webtiles) character file.

Game seed: 12191133178741764710

50 Fortus the Shield-Bearer (level 4, -6/35 HPs)
             Began as a Formicid Fighter on Dec 11, 2021.
             Killed by divine providence
             ... invoked by an orc priest
              (10 damage)
             ... on level 4 of the Dungeon.
             The game lasted 00:04:05 (1523 turns).

Fortus the Shield-Bearer (Formicid Fighter)         Turns: 1523, Time: 00:04:05

Health: -6/35      AC:  9    Str: 22    XL:     4   Next: 4%
Magic:  4/4        EV:  6    Int:  7    God:
Gold:   17         SH:  9    Dex: 10    Spells: 3/3 levels left

rFire    . . .     SeeInvis +   a - +0 long sword
rCold    . . .     Faith    .   c - +0 kite shield
rNeg     . . .     Spirit   .   e - +0 chain mail
rPois    .         Reflect  .   (helmet unavailable)
rElec    .         Harm     .   (no cloak)
rCorr    .         Rampage  .   (no gloves)
Will     .....                  (no boots)
Stlth    ..........             (no amulet)
HPRegen  0.11/turn              (no ring)
MPRegen  0.09/turn              (no ring)

@: no status effects
A: permanent stasis, dig shafts and tunnels, antennae 3, four strong arms
a: Dig, Shaft Self


You were on level 4 of the Dungeon.
You visited 1 branch of the dungeon, and saw 4 of its levels.

You collected 17 gold pieces.

Inventory:

Hand Weapons
 a - a +0 long sword (weapon)
Armour
 b - a +0 scale mail
 c - a +0 kite shield (worn)
 e - a +0 chain mail (worn)
Scrolls
 g - a scroll of amnesia {unknown}
 h - a scroll of identify {unknown}
Potions
 d - a potion of might
 f - a potion of heal wounds {unknown}


   Skills:
 - Level 3.2 Fighting
 * Level 3.4 Long Blades
 - Level 3.2 Armour
 + Level 4.3 Shields


You had 3 spell levels left.
You didn't know any spells.
Your spell library was empty.

Dungeon Overview and Level Annotations

Branches:
Dungeon (4/15)
 Temple: D:4-7

Altars:


Innate Abilities, Weirdness & Mutations

You cannot be hasted, slowed, berserked, paralysed or teleported.
You can dig through walls and to a lower floor.
You have a pair of large antennae on your head. (SInv)
Your four strong arms can wield two-handed weapons with a shield.


Message History

You closely miss the orc priest.
The orc priest is moderately wounded.
The orc priest hits you but does no damage.
You hit the orc priest.
The orc priest is heavily wounded.
You block the orc priest's attack. x2
You barely miss the orc priest.
The orc priest is moderately wounded.
The orc priest hits you but does no damage.
You hit the orc priest.
The orc priest is severely wounded.
The orc priest invokes the aid of Beogh against you.
Beogh smites you!
You are too injured to fight recklessly!
You are too injured to fight recklessly!
You are too injured to fight recklessly!
You are too injured to fight recklessly!
You are too injured to fight recklessly!
You are too injured to fight recklessly!
You are too injured to fight recklessly!
You barely miss the orc priest.
The orc priest is severely wounded.
The orc priest invokes the aid of Beogh against you.
Beogh smites you!
* * * LOW HITPOINT WARNING * * *
The orc priest looks braver for a moment.
You closely miss the orc priest.
The orc priest is severely wounded.
The orc priest hits you with a +0 club.
* * * LOW HITPOINT WARNING * * *
You barely miss the orc priest.
The orc priest is severely wounded.
The orc priest hits you with a +0 club.
* * * LOW HITPOINT WARNING * * *
You block the orc priest's attack.
You hit the orc priest but do no damage.
The orc priest is severely wounded.
The orc priest mumbles some strange prayers to Beogh against you.
Beogh smites you!
You die...

###.## P..
##....## ♣≈.. #
###......###♣≈≈..
.##
##.).###.....≈P...
...####.)###
##........#
.....#..##
#.........
......###
##........ ......#
#......>. ......##
#@.###...
.......## #..o# ##
........# ###..#
........# #.#
........# .#
.......## ..
#....### #.#
###### ..


You could see an orc priest.

Vanquished Creatures
  An adder (D:2)
  A dart slug (D:2)
  3 orcs (D:4)
  2 ball pythons (D:1)
  A bat (D:2)
  An endoplasm (D:4)
  2 goblins (D:1)
  2 hobgoblins (D:1)
  6 jackals (D:1)
  5 kobolds
  3 quokkas
  2 frilled lizards (D:1)
  2 rats (D:2)
31 creatures vanquished.

Notes
Turn   | Place    | Note
-------+----------+-------------------------------------------
     0 | D:1      | Fortus the Formicid Fighter began the quest for the Orb.
     0 | D:1      | Reached XP level 1. HP: 18/18 MP: 1/1
   242 | D:1      | Reached XP level 2. HP: 24/24 MP: 2/2
   321 | D:1      | Found a faded altar of an unknown god.
   666 | D:1      | Reached skill level 4 in Shields
   883 | D:1      | Reached XP level 3. HP: 29/29 MP: 3/3
  1353 | D:2      | You fall into a shaft and drop 2 floors!
  1494 | D:4      | Reached XP level 4. HP: 31/35 MP: 4/4
  1523 | D:4      | Killed from afar by an orc priest

Illustrated notes

Levels and vault maps discovered:
D:1:      wheals_arrival_shading, layout_basic, basic_ecumenical_altar
D:2:      layout_loops_ring, serial_aquarium, aquarium_bridge_long_joined
          [aquarium_subvault_wall, aquarium_subvault_bridge,
          aquarium_subvault_wall, aquarium_subvault_balcony,
          aquarium_subvault_window, aquarium_subvault_bridge],
          aquarium_window_fake, aquarium_window_2, aquarium_view_2e,
          aquarium_view_2a, aquarium_balcony_3a, aquarium_pool_2
D:3:      layout_loops_corners, kennysheep_orc_sif_temple,
          uniq_crazy_yiuf_cottage
D:4:      layout_cave_pods, chequers_avenue, serial_bayou_pond_d

Skill      XL: |  1  2  3 |
---------------+----------+-----
Shields        | 4 |  4.3
Long Blades    | 3 |  3.4
Fighting       | |  3.2
Armour         | |  3.2

Action                   |  1- 3 |  4- 6 || total
-------------------------+-------+-------++-------
Melee: Long sword        |   111 |    14 ||   125
Armor: Scale mail        |     5 |       ||     5
       Chain mail        |    71 |     5 ||    76
Dodge: Dodged            |    28 |     1 ||    29
Block: Kite shield       |    61 |     6 ||    67
       Rpst.: Long sword |     6 |       ||     6
